[Event "Mitropa Online Cup Women 2021"]
[Site "Hybrid"]
[Date "2021.05.04"]
[Round "4.5"]
[White "Hercog, Nusa"]
[Black "Spiranec, Noemi"]
[Result "1-0"]
[ECO "E21"]
[WhiteElo "2088"]
[BlackElo "2098"]
[Annotator "NA"]
[PlyCount "73"]
[EventDate "2021.05.04"]
[EventType "team-tourn"]
[EventCountry "NET"]
[SourceTitle "playchess.com"]
[Source "ChessBase"]
[SourceQuality "1"]
[WhiteTeam "Slovenia"]
[BlackTeam "Croatia"]
[WhiteTeamCountry "SLO"]
[BlackTeamCountry "CRO"]
[TimeControl "40/5400+30:1800+30"]

1. d4 Nf6 2. c4 e6 3. Nc3 Bb4 4. Nf3 O-O 5. Bg5 c5 6. Rc1 cxd4 7. Nxd4 d5 8. cxd5 Qxd5 9. Bxf6 gxf6 10. a3 Bxc3+ 11. Rxc3 e5 12. Qc1 Qa5 13. Qh6 exd4 14. b4 dxc3 15. bxa5 Bf5 16. g4 Bg6 17. Bg2 Na6 18. f4 Rad8 19. Kf2 f5 20. Rc1 fxg4 21. Rxc3 Rd7 22. f5 Bxf5 23. Qg5+ Bg6 24. Qxg4 Re7 25. Rc8 f5 26. Qc4+ Bf7 27. Rxf8+ Kxf8 28. Qc8+ Kg7 29. Qxf5 Bg6 30. Qb5 Rf7+ 31. Kg1 Nc7 32. Qxb7 Ne6 33. Qb2+ Kf8 34. Bd5 Re7 35. Qf6+ Bf7 36. a6 h5 37. Qh8+ 1-0

[Event "Mitropa Online Cup Women 2021"]
[Site "Hybrid"]
[Date "2021.05.04"]
[Round "5.1"]
[White "Sieber, Fiona"]
[Black "Rozman, Monika"]
[Result "1-0"]
[ECO "C95"]
[WhiteElo "2275"]
[BlackElo "2175"]
[Annotator "NA"]
[PlyCount "57"]
[EventDate "2021.05.04"]
[EventType "team-tourn"]
[EventCountry "NET"]
[SourceTitle "playchess.com"]
[Source "ChessBase"]
[SourceQuality "1"]
[WhiteTeam "Germany"]
[BlackTeam "Slovenia"]
[WhiteTeamCountry "GER"]
[BlackTeamCountry "SLO"]
[TimeControl "40/5400+30:1800+30"]

1. e4 e5 2. Nf3 Nc6 3. Bb5 a6 4. Ba4 Nf6 5. O-O Be7 6. Re1 b5 7. Bb3 d6 8. c3 O-O 9. h3 Nb8 10. d4 Nbd7 11. c4 Bb7 12. Nc3 c6 13. c5 Qc7 14. cxd6 Bxd6 15. Bg5 Be7 16. Rc1 Rad8 17. Nd5 Nxd5 18. exd5 Bxg5 19. Nxg5 h6 20. Nxf7 Rxf7 21. d6 Qb6 22. Bxf7+ Kxf7 23. dxe5 Kg8 24. e6 Rf8 25. Rc2 c5 26. exd7 Qc6 27. Qg4 h5 28. Qg6 Qxd7 29. Re7 1-0

[Event "Mitropa Online Cup Women 2021"]
[Site "Hybrid"]
[Date "2021.05.04"]
[Round "5.1"]
[White "Muetsch, Annmarie"]
[Black "Urh, Zala"]
[Result "1-0"]
[ECO "B23"]
[WhiteElo "2266"]
[BlackElo "2173"]
[Annotator "NA"]
[PlyCount "73"]
[EventDate "2021.05.04"]
[EventType "team-tourn"]
[EventCountry "NET"]
[SourceTitle "playchess.com"]
[Source "ChessBase"]
[SourceQuality "1"]
[WhiteTeam "Germany"]
[BlackTeam "Slovenia"]
[WhiteTeamCountry "GER"]
[BlackTeamCountry "SLO"]
[TimeControl "40/5400+30:1800+30"]

1. e4 c5 2. Nc3 Nc6 3. Bb5 Nd4 4. Nf3 a6 5. Bd3 g6 6. O-O Bg7 7. a3 Nc6 8. Rb1 d6 9. h3 Nf6 10. b4 O-O 11. Re1 Rb8 12. Nd5 b5 13. Bb2 Nh5 14. Bxg7 Kxg7 15. Bf1 e6 16. Ne3 e5 17. c3 c4 18. d3 cxd3 19. Qxd3 Nf4 20. Qd2 f5 21. exf5 gxf5 22. Rbd1 Rf6 23. g3 Qe8 24. gxf4 Qh5 25. Bg2 Rg6 26. Kh2 Bb7 27. Rg1 Ne7 28. Qe2 Qh6 29. Ng5 exf4 30. Nd5 Nc6 31. Nxf4 Rxg5 32. Bxc6 Kh8 33. Rxg5 Qxg5 34. Ne6 Qf6 35. Bxb7 Rxb7 36. Rxd6 h6 37. f4 1-0

[Event "Mitropa Online Cup Women 2021"]
[Site "Hybrid"]
[Date "2021.05.04"]
[Round "5.1"]
[White "Janzelj, Lara"]
[Black "Klek, Hanna Marie"]
[Result "1-0"]
[ECO "E05"]
[WhiteElo "2212"]
[BlackElo "2302"]
[Annotator "NA"]
[PlyCount "73"]
[EventDate "2021.05.04"]
[EventType "team-tourn"]
[EventCountry "NET"]
[SourceTitle "playchess.com"]
[Source "ChessBase"]
[SourceQuality "1"]
[WhiteTeam "Slovenia"]
[BlackTeam "Germany"]
[WhiteTeamCountry "SLO"]
[BlackTeamCountry "GER"]
[TimeControl "40/5400+30:1800+30"]

1. d4 d5 2. c4 e6 3. g3 Nf6 4. Bg2 Be7 5. Nf3 O-O 6. O-O dxc4 7. Qc2 b5 8. a4 Bb7 9. axb5 a6 10. Nc3 axb5 11. Rxa8 Bxa8 12. Nxb5 Bd5 13. Bg5 c5 14. dxc5 Qa5 15. Nc3 Bc6 16. e4 h6 17. Bf4 Bxc5 18. Ne5 Bd4 19. Nxc4 Qc5 20. Qb3 e5 21. Be3 Ng4 22. Nd5 Nd7 23. Bxd4 exd4 24. h3 Rb8 25. Qf3 Qxc4 26. Ne7+ Kh8 27. hxg4 Ne5 28. Qf4 Rb5 29. Nd5 Bxd5 30. exd5 Qe2 31. Rc1 Rb8 32. Bf1 Nf3+ 33. Kg2 Qxb2 34. Kxf3 Rd8 35. Kg2 Qb7 36. Bc4 Qb2 37. Rd1 1-0

[Event "Mitropa Online Cup Women 2021"]
[Site "Hybrid"]
[Date "2021.05.04"]
[Round "5.1"]
[White "Hrescak, Ivana"]
[Black "Lubbe, Melanie"]
[Result "0-1"]
[ECO "A41"]
[WhiteElo "2201"]
[BlackElo "2274"]
[Annotator "NA"]
[PlyCount "140"]
[EventDate "2021.05.04"]
[EventType "team-tourn"]
[EventCountry "NET"]
[SourceTitle "playchess.com"]
[Source "ChessBase"]
[SourceQuality "1"]
[WhiteTeam "Slovenia"]
[BlackTeam "Germany"]
[WhiteTeamCountry "SLO"]
[BlackTeamCountry "GER"]
[TimeControl "40/5400+30:1800+30"]

1. d4 d6 2. c4 e5 3. e4 exd4 4. Qxd4 Nc6 5. Qe3 g6 6. h3 Bg7 7. Nf3 Nf6 8. Bd3 O-O 9. O-O Nd7 10. Nc3 a5 11. Re1 a4 12. Bd2 Nc5 13. Rad1 Be6 14. Qe2 Na5 15. Nd5 Nxd3 16. Qxd3 c6 17. Bxa5 Qxa5 18. Nf4 Rad8 19. b3 Bc8 20. Nd4 Rfe8 21. Nc2 Bh6 22. Ne2 d5 23. cxd5 cxd5 24. Qc3 Qxc3 25. Nxc3 axb3 26. axb3 dxe4 27. Rxd8 Rxd8 28. Nxe4 Bg7 29. Ne3 f5 30. Ng5 Bf6 31. Nf3 Rd3 32. Nc4 Kg7 33. Nb6 Bd7 34. Nxd7 Rxd7 35. Rc1 Bd8 36. Kf1 Bb6 37. Ke2 Kf6 38. h4 Re7+ 39. Kf1 h6 40. g3 Rd7 41. Ke2 Rd5 42. Rc4 Rb5 43. Rc3 Ra5 44. Rd3 Ke6 45. Nd4+ Ke7 46. Nf3 Ra1 47. Rd5 Ra2+ 48. Rd2 Ra3 49. Rd3 Ke6 50. Nd2 Ra2 51. f4 Ba5 52. Kd1 Rxd2+ 53. Rxd2 Bxd2 54. Kxd2 Kd5 55. Kd3 h5 56. Ke3 Kc5 57. Kd3 Kb4 58. Kd4 b5 59. Ke5 Kxb3 60. Kf6 b4 61. Kxg6 Kc4 62. Kxf5 b3 63. Kg5 b2 64. Kxh5 b1=Q 65. g4 Qh7+ 66. Kg5 Kd5 67. f5 Ke5 68. f6 Qg8+ 69. Kh5 Kxf6 70. g5+ Kf5 0-1

[Event "Mitropa Online Cup Women 2021"]
[Site "Hybrid"]
[Date "2021.05.04"]
[Round "5.2"]
[White "Brunello, Marina"]
[Black "Cvitan, Ena"]
[Result "1-0"]
[ECO "B13"]
[WhiteElo "2367"]
[BlackElo "2263"]
[Annotator "NA"]
[PlyCount "91"]
[EventDate "2021.05.04"]
[EventType "team-tourn"]
[EventCountry "NET"]
[SourceTitle "playchess.com"]
[Source "ChessBase"]
[SourceQuality "1"]
[WhiteTeam "Italy"]
[BlackTeam "Croatia"]
[WhiteTeamCountry "ITA"]
[BlackTeamCountry "CRO"]
[TimeControl "40/5400+30:1800+30"]

1. e4 c6 2. d4 d5 3. exd5 cxd5 4. Bf4 Nc6 5. c3 Bf5 6. Nd2 e6 7. Ngf3 Bd6 8. Bxd6 Qxd6 9. Nh4 Nf6 10. Nxf5 exf5 11. Bd3 g6 12. Qe2+ Kf8 13. O-O Re8 14. Qf3 Ne4 15. Rad1 Kg7 16. h4 Re7 17. g3 Rhe8 18. Kg2 h5 19. Nb3 Qf6 20. Nc1 a6 21. Ne2 b5 22. Nf4 Qd6 23. a4 bxa4 24. Ra1 Rb8 25. Rxa4 a5 26. Ra2 Nd2 27. Qxd5 Qc7 28. Rd1 Rd7 29. Qc5 Nb3 30. Qc4 Qb7 31. Qa6 Qc7 32. Be2 Nbxd4 33. cxd4 Nb4 34. Qxa5 Nxa2 35. Qxa2 Qc2 36. Qc4 Qxb2 37. d5 Rb4 38. Qd3 Rd6 39. Bf3 Rb3 40. Qd4+ Qxd4 41. Rxd4 f6 42. Rc4 g5 43. Rc7+ Kh6 44. Ne6 Rb8 45. Rf7 g4 46. Rxf6+ 1-0

[Event "Mitropa Online Cup Women 2021"]
[Site "Hybrid"]
[Date "2021.05.04"]
[Round "5.2"]
[White "Gueci, Tea"]
[Black "Vujnovic, Patricija"]
[Result "1/2-1/2"]
[ECO "B12"]
[WhiteElo "2204"]
[BlackElo "2129"]
[Annotator "NA"]
[PlyCount "119"]
[EventDate "2021.05.04"]
[EventType "team-tourn"]
[EventCountry "NET"]
[SourceTitle "playchess.com"]
[Source "ChessBase"]
[SourceQuality "1"]
[WhiteTeam "Italy"]
[BlackTeam "Croatia"]
[WhiteTeamCountry "ITA"]
[BlackTeamCountry "CRO"]
[TimeControl "40/5400+30:1800+30"]

1. e4 c6 2. d4 d5 3. e5 Bf5 4. Nd2 e6 5. Nb3 Nd7 6. Nf3 a6 7. Be3 Rc8 8. c3 Bg4 9. Be2 c5 10. Nxc5 Nxc5 11. dxc5 Bxf3 12. Bxf3 Bxc5 13. Bxc5 Rxc5 14. O-O Ne7 15. Re1 O-O 16. Qe2 Qc7 17. Rad1 Rc4 18. g3 Rc8 19. Bg2 b5 20. a3 Nf5 21. Qd3 g6 22. Bh3 Ne7 23. Bf1 Nc6 24. f4 Na5 25. Qf3 Rc6 26. Kh1 Nb3 27. g4 Nc5 28. Qg2 Qb6 29. Rd4 a5 30. f5 Nb3 31. Rd3 exf5 32. gxf5 d4 33. e6 R6c7 34. Qd5 a4 35. f6 Nc5 36. exf7+ Rxf7 37. Rxd4 Qxf6 38. Bg2 Nb3 39. Rf1 Qxf1+ 40. Bxf1 Nxd4 41. Bxb5 Nxb5 42. Qxb5 Rd8 43. Qe2 Rb8 44. Kg2 Rfb7 45. Qc4+ Kg7 46. Qd4+ Kh6 47. Qh4+ Kg7 48. Qxa4 Rxb2+ 49. Kg3 h5 50. Qd4+ Kh6 51. a4 R2b3 52. a5 Rf8 53. Qd2+ Kg7 54. Qd4+ Kh6 55. a6 Rbb8 56. Qe3+ Kg7 57. Qe7+ Kh6 58. Qe3+ Kg7 59. Qe7+ Kh6 60. Qe3+ 1/2-1/2

[Event "Mitropa Online Cup Women 2021"]
[Site "Hybrid"]
[Date "2021.05.04"]
[Round "5.2"]
[White "Medic, Mirjana"]
[Black "Sedina, Elena"]
[Result "1/2-1/2"]
[ECO "D16"]
[WhiteElo "2147"]
[BlackElo "2291"]
[Annotator "NA"]
[PlyCount "137"]
[EventDate "2021.05.04"]
[EventType "team-tourn"]
[EventCountry "NET"]
[SourceTitle "playchess.com"]
[Source "ChessBase"]
[SourceQuality "1"]
[WhiteTeam "Croatia"]
[BlackTeam "Italy"]
[WhiteTeamCountry "CRO"]
[BlackTeamCountry "ITA"]
[TimeControl "40/5400+30:1800+30"]

1. d4 d5 2. c4 c6 3. Nf3 Nf6 4. Nc3 dxc4 5. a4 a5 6. e4 Bg4 7. Bxc4 e6 8. Be3 Bb4 9. Qc2 Nbd7 10. Nd2 Bh5 11. f3 Bg6 12. O-O O-O 13. Nb3 Nd5 14. Bf2 N7b6 15. Nxd5 cxd5 16. Bd3 Rc8 17. Qe2 Qe7 18. Bb5 f6 19. Rfc1 Rfd8 20. Nc5 dxe4 21. Nxe4 Nd5 22. Bg3 Be8 23. Bxe8 Rxe8 24. Qb5 b6 25. Rc6 Qd7 26. Rac1 Ne7 27. Rxc8 Qxb5 28. axb5 Rxc8 29. Rxc8+ Nxc8 30. Kf2 Kf7 31. Ke2 Na7 32. Bc7 Nxb5 33. Bxb6 a4 34. Kd3 a3 35. bxa3 Bxa3 36. Bc5 Bc1 37. Bb6 f5 38. Nc5 Ke7 39. Nb3 Bf4 40. h3 Kd6 41. Bd8 Kd5 42. Be7 Bg3 43. Bf8 g6 44. Bg7 Bf2 45. Be5 Bg1 46. Bf6 Bf2 47. Be5 Na7 48. Ke2 Bg1 49. Kf1 Be3 50. Ke2 Bg1 51. Kf1 Be3 52. Ke2 Bg5 53. Kd3 Nc6 54. Bg7 Nb4+ 55. Kc3 Nc6 56. Kd3 Bh4 57. Ke3 Nb4 58. Kd2 Bf2 59. Ke2 Bg1 60. Kd2 Nc6 61. Kd3 Bf2 62. Bf6 Nb4+ 63. Ke2 Bg1 64. Kd2 Nc6 65. Kd3 Nb4+ 66. Kd2 Nc6 67. Kd3 Bf2 68. Bg7 Bg1 69. Bf6 1/2-1/2

[Event "Mitropa Online Cup Women 2021"]
[Site "Hybrid"]
[Date "2021.05.04"]
[Round "5.2"]
[White "Radikovic, Anamarija"]
[Black "Raccanello, Marianna"]
[Result "1-0"]
[ECO "B23"]
[WhiteElo "2006"]
[BlackElo "2140"]
[Annotator "NA"]
[PlyCount "65"]
[EventDate "2021.05.04"]
[EventType "team-tourn"]
[EventCountry "NET"]
[SourceTitle "playchess.com"]
[Source "ChessBase"]
[SourceQuality "1"]
[WhiteTeam "Croatia"]
[BlackTeam "Italy"]
[WhiteTeamCountry "CRO"]
[BlackTeamCountry "ITA"]
[TimeControl "40/5400+30:1800+30"]

1. e4 c5 2. Nc3 Nc6 3. f4 g6 4. Nf3 Bg7 5. Bb5 Nd4 6. O-O a6 7. Bd3 e6 8. e5 Nxf3+ 9. Qxf3 d5 10. exd6 Qxd6 11. Ne4 Qc7 12. Rb1 Ne7 13. b4 c4 14. Bxc4 Nf5 15. Bd3 O-O 16. Bb2 Nd4 17. Qf2 Rd8 18. Kh1 b6 19. Qh4 h6 20. Nf6+ Kh8 21. Ng4 Kh7 22. Rbe1 Qd6 23. Ne5 Qc7 24. Nxf7 Rf8 25. Nxh6 Bxh6 26. Bxd4 Qd6 27. f5 gxf5 28. Be3 e5 29. Bxh6 Qxh6 30. Qe7+ Qg7 31. Rxe5 Rf7 32. Qh4+ Kg8 33. Re8+ 1-0

[Event "Mitropa Online Cup Women 2021"]
[Site "Hybrid"]
[Date "2021.05.04"]
[Round "5.3"]
[White "Guichard, Pauline"]
[Black "Hakimifard, Ghazal"]
[Result "1-0"]
[ECO "E18"]
[WhiteElo "2415"]
[BlackElo "2265"]
[Annotator "NA"]
[PlyCount "91"]
[EventDate "2021.05.04"]
[EventType "team-tourn"]
[EventCountry "NET"]
[SourceTitle "playchess.com"]
[Source "ChessBase"]
[SourceQuality "1"]
[WhiteTeam "France"]
[BlackTeam "Switzerland"]
[WhiteTeamCountry "FRA"]
[BlackTeamCountry "SUI"]
[TimeControl "40/5400+30:1800+30"]

1. d4 Nf6 2. c4 e6 3. Nf3 b6 4. g3 Bb7 5. Bg2 Be7 6. O-O O-O 7. Nc3 Ne4 8. Bd2 f5 9. Ne5 c5 10. d5 Bf6 11. Nd3 Bxc3 12. Bxc3 Nxc3 13. bxc3 Qf6 14. Qb3 Na6 15. a4 e5 16. a5 e4 17. Nb2 Qh6 18. axb6 axb6 19. f4 Nc7 20. Na4 b5 21. cxb5 Bxd5 22. c4 Bb7 23. e3 Qf6 24. Rad1 d6 25. Nb6 Rad8 26. Rf2 Na8 27. Na4 Qe7 28. Rfd2 Qc7 29. Qc3 Rf7 30. Bh3 Nb6 31. Nxb6 Qxb6 32. g4 Bc8 33. gxf5 Bxf5 34. Bxf5 Rxf5 35. Qc2 Qb7 36. Rxd6 Rxd6 37. Rxd6 Qe7 38. Qd1 h6 39. b6 Kh7 40. Rd7 Qh4 41. b7 Rf8 42. Kg2 h5 43. Rd5 g6 44. Rg5 Rg8 45. Qd5 Qe1 46. Qxg8+ 1-0

[Event "Mitropa Online Cup Women 2021"]
[Site "Hybrid"]
[Date "2021.05.04"]
[Round "5.3"]
[White "Mueller-Seps, Monika"]
[Black "Navrotescu, Andreea-Cristiana"]
[Result "0-1"]
[ECO "A48"]
[WhiteElo "2243"]
[BlackElo "2247"]
[Annotator "NA"]
[PlyCount "80"]
[EventDate "2021.05.04"]
[EventType "team-tourn"]
[EventCountry "NET"]
[SourceTitle "playchess.com"]
[Source "ChessBase"]
[SourceQuality "1"]
[WhiteTeam "Switzerland"]
[BlackTeam "France"]
[WhiteTeamCountry "SUI"]
[BlackTeamCountry "FRA"]
[TimeControl "40/5400+30:1800+30"]

1. d4 Nf6 2. Nf3 g6 3. Bg5 Bg7 4. Nbd2 O-O 5. c3 d6 6. e4 c5 7. d5 h6 8. Bxf6 Bxf6 9. Bc4 Na6 10. O-O Nc7 11. a4 Bg7 12. Qe2 Rb8 13. Rfe1 b6 14. Nf1 a6 15. Ne3 b5 16. Bd3 e5 17. g4 c4 18. Bc2 Kh8 19. Kh1 b4 20. Qxc4 a5 21. Qe2 Na6 22. Bd3 Nc5 23. Nd2 f5 24. gxf5 gxf5 25. Nxf5 Nxe4 26. Bxe4 Bxf5 27. c4 Bd7 28. Qh5 Be8 29. Qe2 Rf4 30. Rg1 Qf6 31. f3 Bh5 32. Rg3 Rg8 33. Rag1 Bf7 34. Bb1 h5 35. Qd3 Qh6 36. Ne4 Bf8 37. Ng5 Bg6 38. Qd1 h4 39. R3g2 Bh5 40. Be4 Be7 0-1

[Event "Mitropa Online Cup Women 2021"]
[Site "Hybrid"]
[Date "2021.05.04"]
[Round "5.3"]
[White "Monpeurt, Cyrielle"]
[Black "Heinatz, Gundula"]
[Result "0-1"]
[ECO "B18"]
[WhiteElo "2166"]
[BlackElo "2131"]
[Annotator "NA"]
[PlyCount "68"]
[EventDate "2021.05.04"]
[EventType "team-tourn"]
[EventCountry "NET"]
[SourceTitle "playchess.com"]
[Source "ChessBase"]
[SourceQuality "1"]
[WhiteTeam "France"]
[BlackTeam "Switzerland"]
[WhiteTeamCountry "FRA"]
[BlackTeamCountry "SUI"]
[TimeControl "40/5400+30:1800+30"]

1. e4 c6 2. d4 d5 3. Nc3 dxe4 4. Nxe4 Bf5 5. Ng3 Bg6 6. h4 h6 7. Nh3 Nf6 8. Nf4 Bh7 9. Bc4 e6 10. O-O Nd5 11. Bxd5 cxd5 12. Re1 Nc6 13. Qg4 Qd7 14. c3 O-O-O 15. h5 Rg8 16. Qd1 Bd6 17. b4 Qc7 18. Nge2 Rde8 19. Be3 g6 20. g3 g5 21. Nd3 Be4 22. c4 dxc4 23. Nc5 Bf3 24. Qc2 f5 25. b5 Nb4 26. Qxc4 Nd5 27. Rac1 Kb8 28. Qb3 Qf7 29. Bxg5 Qxh5 30. Bh4 Bxe2 31. Nxe6 Bf3 32. Qd3 Bxg3 33. fxg3 Rxg3+ 34. Kf1 Qxh4 0-1

[Event "Mitropa Online Cup Women 2021"]
[Site "Hybrid"]
[Date "2021.05.04"]
[Round "5.3"]
[White "Thode, Gilda"]
[Black "Thomas, Anysia"]
[Result "0-1"]
[ECO "A48"]
[WhiteElo "1987"]
[BlackElo "2164"]
[Annotator "NA"]
[PlyCount "106"]
[EventDate "2021.05.04"]
[EventType "team-tourn"]
[EventCountry "NET"]
[SourceTitle "playchess.com"]
[Source "ChessBase"]
[SourceQuality "1"]
[WhiteTeam "Switzerland"]
[BlackTeam "France"]
[WhiteTeamCountry "SUI"]
[BlackTeamCountry "FRA"]
[TimeControl "40/5400+30:1800+30"]

1. d4 Nf6 2. Nf3 g6 3. Bg5 Bg7 4. Nbd2 O-O 5. e3 d6 6. c3 b6 7. Be2 Bb7 8. O-O c5 9. b4 Nbd7 10. a4 h6 11. Bxf6 Nxf6 12. a5 Rc8 13. axb6 axb6 14. Ra7 Rc7 15. Qa4 Nd5 16. Qa3 Nxc3 17. Bc4 cxd4 18. exd4 Bxf3 19. Rxc7 Qxc7 20. Qxc3 Bd5 21. Qd3 Bxc4 22. Nxc4 Rc8 23. Ne3 Qc6 24. Re1 e6 25. d5 Qc3 26. Qxc3 Rxc3 27. Rb1 Bd4 28. Nd1 Rc2 29. dxe6 fxe6 30. Kf1 e5 31. Rb3 Kg7 32. g3 g5 33. h3 e4 34. f3 d5 35. Ne3 Bxe3 36. Rxe3 Rc4 37. fxe4 dxe4 38. Rb3 Kf6 39. Kf2 Ke5 40. Ke3 h5 41. b5 Ra4 42. Rc3 Rb4 43. Rc8 Rb3+ 44. Kf2 Rxb5 45. Rh8 Kd4 46. Rxh5 e3+ 47. Ke2 Rb2+ 48. Kf1 Rb5 49. Ke2 Rb2+ 50. Kf1 Kd3 51. Rh8 Rb1+ 52. Kg2 e2 53. Rd8+ Kc4 0-1

[Event "Mitropa Online Cup Women 2021"]
[Site "Hybrid"]
[Date "2021.05.04"]
[Round "5.4"]
[White "Worek, Joanna"]
[Black "Froewis, Annika"]
[Result "1-0"]
[ECO "C41"]
[WhiteElo "2322"]
[BlackElo "2143"]
[Annotator "NA"]
[PlyCount "121"]
[EventDate "2021.05.04"]
[EventType "team-tourn"]
[EventCountry "NET"]
[SourceTitle "playchess.com"]
[Source "ChessBase"]
[SourceQuality "1"]
[WhiteTeam "Czech Republic"]
[BlackTeam "Austria"]
[WhiteTeamCountry "CZE"]
[BlackTeamCountry "AUT"]
[TimeControl "40/5400+30:1800+30"]

1. e4 e5 2. Nf3 d6 3. d4 exd4 4. Nxd4 Nf6 5. Nc3 Be7 6. Bd3 O-O 7. O-O Re8 8. b3 c6 9. h3 Bf8 10. Re1 Nbd7 11. Bb2 g6 12. Qd2 Bg7 13. Bf1 Nc5 14. f3 Nh5 15. Nde2 Be5 16. Nd1 Qf6 17. Bxe5 dxe5 18. Nf2 a5 19. Rad1 b6 20. Qd6 Qxd6 21. Rxd6 Bb7 22. Red1 Rac8 23. Ng4 Rc7 24. a3 Bc8 25. Ne3 Nb7 26. R6d2 Be6 27. Nc3 Nf4 28. Kf2 Kf8 29. a4 Nc5 30. Bc4 Rb8 31. h4 Bxc4 32. Nxc4 b5 33. Nxe5 bxa4 34. Nxa4 Nxa4 35. bxa4 Rb2 36. c3 Rb3 37. g3 Ne6 38. Rd7 Rxc3 39. Rxc7 Nxc7 40. Rd7 Ne6 41. Rxf7+ Kg8 42. Ra7 Nd4 43. Rxa5 c5 44. Ra7 Rc2+ 45. Ke3 Rc3+ 46. Kf4 Ne6+ 47. Kg4 h5+ 48. Kh3 Nd4 49. Nxg6 Nxf3 50. Nf4 Nd2 51. e5 Ne4 52. Nxh5 Nf2+ 53. Kg2 Rc2 54. e6 Ne4+ 55. Kf3 Nd6 56. Nf6+ Kf8 57. e7+ Kf7 58. e8=Q+ Kxf6 59. Qe7+ Kf5 60. Qg5+ Ke6 61. Re7# 1-0

[Event "Mitropa Online Cup Women 2021"]
[Site "Hybrid"]
[Date "2021.05.04"]
[Round "5.4"]
[White "Novkovic, Julia"]
[Black "Olsarova, Karolina"]
[Result "1/2-1/2"]
[ECO "C47"]
[WhiteElo "2170"]
[BlackElo "2290"]
[Annotator "NA"]
[PlyCount "75"]
[EventDate "2021.05.04"]
[EventType "team-tourn"]
[EventCountry "NET"]
[SourceTitle "playchess.com"]
[Source "ChessBase"]
[SourceQuality "1"]
[WhiteTeam "Austria"]
[BlackTeam "Czech Republic"]
[WhiteTeamCountry "AUT"]
[BlackTeamCountry "CZE"]
[TimeControl "40/5400+30:1800+30"]

1. e4 e5 2. Nf3 Nc6 3. Nc3 Nf6 4. d4 Bb4 5. Nxe5 Qe7 6. Nxc6 Qxe4+ 7. Qe2 Bxc3+ 8. bxc3 dxc6 9. f3 Qxe2+ 10. Bxe2 Be6 11. O-O Nd5 12. c4 Nb6 13. c5 Nd5 14. Bd2 O-O-O 15. c3 Bf5 16. Rfe1 h5 17. g3 Rd7 18. Bf1 Re7 19. Rxe7 Nxe7 20. Re1 Be6 21. a3 Kd7 22. Bg5 f6 23. Bc1 Nd5 24. Bb2 Bf5 25. Kf2 Rb8 26. c4 Ne7 27. Re3 Rd8 28. Re1 Ke8 29. h3 Kf7 30. g4 Be6 31. Kg3 g5 32. Bd3 Rh8 33. Bc3 hxg4 34. hxg4 Bc8 35. Be4 Be6 36. Bd3 Bc8 37. Be4 Be6 38. Bd3 1/2-1/2

[Event "Mitropa Online Cup Women 2021"]
[Site "Hybrid"]
[Date "2021.05.04"]
[Round "5.4"]
[White "Hapala, Elisabeth"]
[Black "Richterova, Natasa"]
[Result "0-1"]
[ECO "B12"]
[WhiteElo "2120"]
[BlackElo "2188"]
[Annotator "NA"]
[PlyCount "124"]
[EventDate "2021.05.04"]
[EventType "team-tourn"]
[EventCountry "NET"]
[SourceTitle "playchess.com"]
[Source "ChessBase"]
[SourceQuality "1"]
[WhiteTeam "Austria"]
[BlackTeam "Czech Republic"]
[WhiteTeamCountry "AUT"]
[BlackTeamCountry "CZE"]
[TimeControl "40/5400+30:1800+30"]

1. e4 c6 2. d4 d5 3. e5 Bf5 4. h4 h5 5. c4 dxc4 6. Bxc4 e6 7. Nc3 Nd7 8. Nge2 Be7 9. Ng3 Bg6 10. Nge4 Nb6 11. Bb3 Nd5 12. Nxd5 cxd5 13. Ba4+ Kf8 14. Ng5 Qa5+ 15. Bd2 Bb4 16. Bb3 Rc8 17. Bxb4+ Qxb4+ 18. Qd2 Qxd2+ 19. Kxd2 Ke7 20. Rac1 Nh6 21. Bc2 Bxc2 22. Rxc2 Rxc2+ 23. Kxc2 f6 24. Nf3 Ng4 25. Rf1 Rc8+ 26. Kd3 b5 27. exf6+ gxf6 28. Nd2 e5 29. f3 Nh6 30. Nb3 Nf5 31. dxe5 fxe5 32. g4 hxg4 33. fxg4 Nxh4 34. Rh1 Rh8 35. Rc1 Kd6 36. Na5 Rg8 37. Rc6+ Kd7 38. Rc5 Ke6 39. Rc6+ Kd7 40. Rc5 e4+ 41. Kc3 Kd6 42. Rxb5 Rxg4 43. Rb8 Rg3+ 44. Kc2 Nf5 45. Rd8+ Kc7 46. Re8 Nd4+ 47. Kd2 Rd3+ 48. Ke1 Kb6 49. Nb3 Nxb3 50. axb3 Kc5 51. Rb8 a5 52. Ra8 Rxb3 53. Rxa5+ Kd4 54. Ra2 Kd3 55. Kd1 e3 56. Ke1 d4 57. Kd1 Ke4 58. Ke1 Kf3 59. Ra4 Rxb2 60. Rxd4 Rb1+ 61. Rd1 Rxd1+ 62. Kxd1 Kf2 0-1

[Event "Mitropa Online Cup Women 2021"]
[Site "Hybrid"]
[Date "2021.05.04"]
[Round "5.5"]
[White "Terbe, Julianna"]
[Black "Movsesian, Julia"]
[Result "1-0"]
[ECO "A46"]
[WhiteElo "2267"]
[BlackElo "2342"]
[Annotator "NA"]
[PlyCount "73"]
[EventDate "2021.05.04"]
[EventType "team-tourn"]
[EventCountry "NET"]
[SourceTitle "playchess.com"]
[Source "ChessBase"]
[SourceQuality "1"]
[WhiteTeam "Hungary"]
[BlackTeam "Slovakia"]
[WhiteTeamCountry "HUN"]
[BlackTeamCountry "SVK"]
[TimeControl "40/5400+30:1800+30"]

1. d4 Nf6 2. Nf3 d5 3. g3 e6 4. Bg2 b5 5. O-O Be7 6. a4 b4 7. c4 bxc3 8. Nxc3 O-O 9. Bf4 c5 10. Nb5 Na6 11. Ne5 Bb7 12. Rc1 Nd7 13. Nxd7 Qxd7 14. dxc5 Bxc5 15. Qd3 Rfd8 16. Nc7 Nxc7 17. Rxc5 Na6 18. Rb5 Rac8 19. Qd4 Ba8 20. b3 Nb8 21. Rxb8 Rxb8 22. Bxb8 Rxb8 23. Rc1 h6 24. Qf4 Rxb3 25. Rc7 Qe8 26. Rxa7 e5 27. Qf5 e4 28. h4 Bb7 29. e3 Rb1+ 30. Kh2 Qc6 31. Qe5 Qb6 32. Qb8+ Kh7 33. a5 Qb2 34. Qf4 Bc8 35. Qxf7 Rd1 36. Rc7 Bg4 37. h5 1-0

[Event "Mitropa Online Cup Women 2021"]
[Site "Hybrid"]
[Date "2021.05.04"]
[Round "5.5"]
[White "Karacsonyi, Kata"]
[Black "Ferkova, Dominika"]
[Result "1-0"]
[ECO "B11"]
[WhiteElo "2138"]
[BlackElo "2006"]
[Annotator "NA"]
[PlyCount "97"]
[EventDate "2021.05.04"]
[EventType "team-tourn"]
[EventCountry "NET"]
[SourceTitle "playchess.com"]
[Source "ChessBase"]
[SourceQuality "1"]
[WhiteTeam "Hungary"]
[BlackTeam "Slovakia"]
[WhiteTeamCountry "HUN"]
[BlackTeamCountry "SVK"]
[TimeControl "40/5400+30:1800+30"]

1. e4 c6 2. Nf3 d5 3. Nc3 Bg4 4. h3 Bxf3 5. Qxf3 e6 6. Be2 Bc5 7. O-O Ne7 8. Na4 Bd6 9. d4 dxe4 10. Qxe4 Nd7 11. b3 O-O 12. Bb2 Nf6 13. Qf3 Nf5 14. g3 Bc7 15. Rfd1 Qd5 16. c4 Qxf3 17. Bxf3 Rad8 18. Nc5 Nd6 19. d5 cxd5 20. Bxf6 gxf6 21. cxd5 e5 22. Rac1 Bb6 23. g4 f5 24. gxf5 Nxf5 25. Nxb7 Rc8 26. Rxc8 Rxc8 27. Bg4 Rb8 28. Bxf5 Rxb7 29. d6 Rb8 30. d7 Rd8 31. Kg2 Kg7 32. Rd6 f6 33. b4 h6 34. a4 Kf7 35. a5 Bd4 36. Rc6 Ke7 37. b5 h5 38. h4 e4 39. b6 axb6 40. axb6 e3 41. fxe3 Be5 42. Rc8 Bd6 43. Kf3 Be5 44. Ke4 Bg3 45. b7 Be5 46. Kd5 Bg3 47. Kc6 Be5 48. Kb6 Bb8 49. Ka6 1-0